 Dungeon Crawl Stone Soup version 0.32-a0-842-gbbb8fdb (webtiles) character file.

Game seed: 8932439080146825349

42138411 tlatlagkaus the Englaciator (level 26, 308/308 HPs)
             Began as an Octopode Shapeshifter on Mar 26, 2024.
             Was the Champion of Ru.
             Escaped with the Orb
             ... and 15 runes
             ... and 11 gems!
             The game lasted 08:21:05 (35535 turns).

tlatlagkaus the Englaciator (OpSh)                 Turns: 35535, Time: 08:21:06

Health: 308/308    AC: 38    Str: 27    XL:     26
Magic:  2/43       EV: 26    Int: 37    God:    Ru [******]
Gold:   4680       SH: 19    Dex: 19    Spells: 14/55 levels left

rFire   + +          .
                       - Unarmed
rCold   + + +        k - +5 kite shield {rF+}
rNeg    + + +        g - +3 hat of Pondering {ponderous, Will+ MP+10 Int+5}
rPois   ∞            O - amulet of regeneration
rElec   +            n - +6 ring of dexterity
rCorr   .            w - ring "Pesmon" {+Blink Fly rC+ Str+4}
SInv    +            Y - ring of see invisible
Will    ++...        u - ring "Vok Xaab" {rF+ rC+ rN+ Int+2 Dex-3}
Stlth   +++          C - ring "Suan" {rElec rN+ EV+5 Str+2 Int+2}
HPRegen 1.51/turn    G - ring of Poung {Fly rC+ Dex+2 Stlth+}
MPRegen 0.28/turn    Z - +6 ring of intelligence
                     p - ring of Zimeteop {+Blink rC+ Int+6}

%: no passive effects
@: statue-form, flying, studying 2 skills, very slow
A: slow and powerful, torment resistance 1, boosted hp, almost no armour,
amphibious, 8 rings, camouflage 1, low MP 2, (gelatinous body 1), inability to
drink after injury 2, hated by all, no conjurations magic, no fire magic, no
hexes magic, inexperienced 1, (nimble swimmer 1), tentacles, robust 1, screaming
1, strong 1, no potion heal 1
0: Orb of Zot
}: 15/15 runes: serpentine, barnacled, slimy, silver, golden, iron, obsidian,
icy, bone, abyssal, demonic, glowing, magical, fiery, dark
a: Begin Untransformation, Renounce Religion, Evoke Blink, Draw Out Power, Power
Leap, Apocalypse


You escaped.
You worshipped Ru.
Ru was exalted by your worship.
You were a living statue of rough stone.
You visited 18 branches of the dungeon, and saw 88 of its levels.
You visited Pandemonium 1 time, and saw 15 of its levels.
You visited the Abyss 1 time.
You visited 1 bazaar.
You also visited: Bailey, Ice Cave and Desolation.

You collected 8538 gold pieces.
You spent 3858 gold pieces at shops.

Inventory:

Hand Weapons
 i - a +2 heavy war axe
Missiles
 S - 2 throwing nets (quivered)
Armour
 g - the +3 hat of Pondering (worn) {ponderous, Will+ MP+10 Int+5}
   (You acquired it on level 2 of the Shoals)

   Int+5:     It affects your intelligence (+5).
   Will+:     It increases your willpower.
   MP+10:     It affects your magic capacity (+10).
 k - a +5 kite shield of fire resistance (worn)
 N - the +5 Storm Queen's Shield {shock, Fly rElec}
   (You found it on level 2 of the Lair of Beasts)

   Shock:     When it blocks an attack, it may electrocute the attacker.
   This works even against foes who are a short distance away.
   rElec:     It insulates you from electricity.
   Fly:       It grants you flight.
 X - the +18 shield of the Gong {Loud rN+ Will+ rCorr EV-5}
   (You found it on level 3 of the Tomb of the Ancients)

   Loud:      It is deafeningly noisy when blocking attacks.
   EV-5:      It affects your evasion (-5).
   rN+:       It protects you from negative energy.
   Will+:     It increases your willpower.
   rCorr:     It protects you from acid and corrosion.
Magical Staves
 W - the staff "Vail" {rF++ rC+ Dex+2 Ice}
   (You found it on level 5 of the Vaults)

   [staff of cold]

   Base accuracy: +5 Base damage: 5 Base attack delay: 1.2 This weapon's minimum
   attack delay (0.6) is reached at skill level 12.
   Dex+2:     It affects your dexterity (+2).
   rF++:      It greatly protects you from fire.
   rC+:       It protects you from cold.
   Ice:       It increases the power of your Ice spells.
   It falls into the 'Staves' category.
   It is a one-tentacled weapon.
Jewellery
 n - a +6 ring of dexterity (left tentacle)
 p - the ring of Zimeteop (on tentacle) {+Blink rC+ Int+6}
   (You acquired it on level 4 of the Depths)

   [ring of intelligence]

   Int+6:     It affects your intelligence (+6).
   rC+:       It protects you from cold.
   +Blink:    It lets you blink.
 u - the ring "Vok Xaab" (on tentacle) {rF+ rC+ rN+ Int+2 Dex-3}
   (You found it in Pandemonium)

   [ring of protection from fire]

   Int+2:     It affects your intelligence (+2).
   Dex-3:     It affects your dexterity (-3).
   rF+:       It protects you from fire.
   rC+:       It protects you from cold.
   rN+:       It protects you from negative energy.
 w - the ring "Pesmon" (right tentacle) {+Blink Fly rC+ Str+4}
   (You found it in an ice cave)

   [ring of flight]

   Str+4:     It affects your strength (+4).
   rC+:       It protects you from cold.
   Fly:       It grants you flight.
   +Blink:    It lets you blink.
 C - the ring "Suan" (on tentacle) {rElec rN+ EV+5 Str+2 Int+2}
   (You took it off Cerebov in Pandemonium)

   [ring of evasion]

   EV+5:      It affects your evasion (+5).
   Str+2:     It affects your strength (+2).
   Int+2:     It affects your intelligence (+2).
   rElec:     It insulates you from electricity.
   rN+:       It protects you from negative energy.
 F - a +4 ring of protection
 G - the ring of Poung (on tentacle) {Fly rC+ Dex+2 Stlth+}
   (You took it off an ironbound preserver on level 5 of the Vaults)

   [ring of flight]

   Dex+2:     It affects your dexterity (+2).
   rC+:       It protects you from cold.
   Fly:       It grants you flight.
   Stlth+:    It makes you more stealthy.
 O - an amulet of regeneration (around mantle)
 R - the ring of Disaster {rPois rN+ rCorr Int-5 Slay+3}
   (You took it off a servant of whispers in the Desolation of Salt)

   [ring of poison resistance]

   Int-5:     It affects your intelligence (-5).
   Slay+3:    It affects your accuracy & damage with ranged weapons and melee
   (+3).
   rPois:     It protects you from poison.
   rN+:       It protects you from negative energy.
   rCorr:     It protects you from acid and corrosion.
 T - a ring of wizardry
 V - a ring of protection from fire
 Y - a ring of see invisible (on tentacle)
 Z - a +6 ring of intelligence (on tentacle)
Talismans
 s - a granite talisman (active)
 L - a talisman of death
Wands
 m - a wand of quicksilver (41)
 y - a wand of iceblast (21)
 E - a wand of digging (10)
Scrolls
 b - 7 scrolls of enchant armour
 c - 9 scrolls of fear
 d - 3 scrolls of immolation
 e - 4 scrolls of teleportation
 l - 8 scrolls of fog
 o - 5 scrolls of blinking
 M - 9 scrolls of amnesia
Potions
 a - 3 potions of resistance
 f - 3 potions of cancellation
 j - 26 potions of curing
 r - 11 potions of heal wounds
 t - 2 potions of mutation
 v - 6 potions of enlightenment
 x - a potion of might
 z - 5 potions of brilliance
 B - a potion of haste
 H - 14 potions of lignification
 J - 3 potions of invisibility
 P - 2 potions of berserk rage
 Q - 2 potions of magic
Miscellaneous
 h - a condenser vane
 A - a figurine of a ziggurat
 I - a lightning rod (4/4)
 U - a phial of floods


   Skills:
 + Level 26.9 Fighting
 - Level 15.3 Dodging
 - Level 10.0 Stealth
 - Level 15.0 Shields
 - Level 26.1 Unarmed Combat
 - Level 15.0 Spellcasting
 - Level 10.0 Translocations
 O Level 27 Ice Magic
 - Level 3.0 Air Magic
 - Level 5.0 Earth Magic
 - Level 10.0 Evocations
 - Level 23.0 Shapeshifting


You had 14 spell levels left.
You knew the following spells:

 Your Spells              Type           Power      Damage    Failure   Level
a - Apportation           Tloc           100%       N/A       1%          1
b - Frozen Ramparts       Ice            100%       1d16      0%          3
c - Ozocubu's Armour      Ice            100%       N/A       0%          3
d - Lesser Beckoning      Tloc           100%       N/A       1%          2
e - Vhi's Electric Charg  Tloc/Air       100%       N/A       1%          4
f - Permafrost Eruption   Ice/Erth       49%        2x4d14    1%          6
g - Passage of Golubria   Tloc           80%        N/A       1%          4
h - Blink                 Tloc           100%       N/A       1%          2
i - Manifold Assault      Tloc           80%        N/A       1%          4
j - Passwall              Erth           59%        N/A       1%          3
k - Polar Vortex          Ice            61%        12d8*     2%          9

Your spell library contained the following spells:

 Spells                   Type           Power      Damage    Failure   Level
 Necrotise                Necr           100%       1d9       1%          1
 Sandblast                Erth           100%       2d20      1%          1
 Cigotuvi's Dreadful Rot  Necr/Alch/Air  70%        N/A       1%          2
 Mercury Vapours          Alch/Air       76%        N/A       1%          2
 Gell's Gravitas          Tloc           80%        N/A       1%          3
 Swiftness                Air            49%        N/A       1%          3
 Teleport Other           Tloc           80%        N/A       1%          3
 Ozocubu's Refrigeration  Ice            61%        4d21      1%          7
 Dispersal                Tloc           40%        N/A       4%          6
 Fugue of the Fallen      Necr           27%        N/A       5%          3
 Vampiric Draining        Necr           27%        2d7       5%          3
 Airstrike                Air            24%        2d(4-20)  5%          4
 Leda's Liquefaction      Alch/Erth      23%        N/A       6%          4
 Lee's Rapid Deconstruct  Erth           29%        3d15*     6%          5
 Dispel Undead            Necr           27%        3d13      19%         4
 Olgreb's Toxic Radiance  Alch           27%        N/A       19%         4
 Borgnjor's Vile Clutch   Necr/Erth      23%        N/A       19%         5
 Alistair's Intoxication  Alch           18%        N/A       45%         5
 Curse of Agony           Necr           27%        N/A       45%         5
 Eringya's Noxious Bog    Alch           13%        4d6       95%         6
 Maxwell's Capacitive Co  Air            24%        ∞         100%        8
 Death's Door             Necr           13%        N/A       100%        9
 Shatter                  Erth           29%        3d24*     100%        9
 Ensorcelled Hibernation  Hex/Ice        Unusable   N/A       N/A         2
 Kiss of Death            Conj/Necr      Unusable   2d13      N/A         1
 Magic Dart               Conj           Unusable   1d8       N/A         1
 Sting                    Conj/Alch      Unusable   1d9       N/A         1
 Summon Small Mammal      Summ           Unusable   N/A       N/A         1
 Static Discharge         Conj/Air       Unusable   3-7/arc   N/A         2
 Hailstorm                Conj/Ice       Unusable   3d15      N/A         3
 Summon Ice Beast         Ice/Summ       Unusable   N/A       N/A         3
 Volatile Blastmotes      Fire/Tloc      Unusable   2d18      N/A         3
 Metabolic Englaciation   Hex/Ice        Unusable   N/A       N/A         5
 Sculpt Simulacrum        Ice/Alch       Unusable   N/A       N/A         6
 Call Imp                 Summ           Unusable   N/A       N/A         2
 Jinxbite                 Hex            Unusable   N/A       N/A         2
 Searing Ray              Conj           Unusable   2d6       N/A         2
 Sublimation of Blood     Necr           Unusable   N/A       N/A         2
 Call Canine Familiar     Summ           Unusable   N/A       N/A         3
 Confusing Touch          Hex            Unusable   N/A       N/A         3
 Tukima's Dance           Hex            Unusable   N/A       N/A         3
 Summon Lightning Spire   Summ/Air       Unusable   N/A       N/A         4
 Anguish                  Hex/Necr       Unusable   N/A       N/A         4
 Fulminant Prism          Conj/Alch      Unusable   3d9       N/A         4
 Martyr's Knell           Necr/Summ      Unusable   N/A       N/A         4
 Summon Blazeheart Golem  Fire/Summ      Unusable   N/A       N/A         4
 Arcjolt                  Conj/Air       Unusable   1d29      N/A         5
 Summon Mana Viper        Hex/Summ       Unusable   N/A       N/A         5
 Yara's Violent Unravell  Hex/Alch       Unusable   3d7       N/A         5
 Conjure Ball Lightning   Conj/Air       Unusable   3x3d6     N/A         6
 Death Channel            Necr           Unusable   N/A       N/A         6
 Haunt                    Necr/Summ      Unusable   N/A       N/A         7
 Summon Hydra             Summ           Unusable   N/A       N/A         7
 Discord                  Hex            Unusable   N/A       N/A         8
 Infestation              Necr           Unusable   N/A       N/A         8
 Chain Lightning          Conj/Air       Unusable   3d25      N/A         9
 Fire Storm               Conj/Fire      Unusable   8d4       N/A         9

Dungeon Overview and Level Annotations

Branches:
Dungeon (15/15)            Temple (1/1) D:7            Lair (5/5) D:9
 Shoals (4/4) Lair:3        Snake (4/4) Lair:2        Slime (5/5) Lair:4
    Orc (2/2) D:12            Elf (3/3) Orc:2        Vaults (5/5) D:13
  Crypt (3/3) Vaults:3       Tomb (3/3) Crypt:3      Depths (4/4) D:15
   Hell (visited)             Dis (7/7) Hell            Geh (7/7) Hell
    Coc (7/7) Hell            Tar (7/7) Hell            Zot (5/5) Depths:4
 Bailey (visited)           IceCv (visited)         Desolation (visited)

Altars:
Ashenzari
Cheibriados
Dithmenos
Elyvilon
Gozag
Kikubaaqudgha
Makhleb
Nemelex Xobeh
Okawaru
Qazlal
Ru
Sif Muna
Trog
Uskayaw
Vehumet
Wu Jian
Xom
Zin
The Shining One
Lugonu

Shops:
D:6 :   Orc:2 =::==   Shoals:1 !   Shoals:3 [*   Vaults:2 :   Vaults:3 =
Vaults:4 :   Depths:4 ?

Portals:
Hell: Depths:3 Depths:4
Abyss: Orc:2 Lair:5 Depths:1 Depths:4
Pandemonium: Depths:2 Depths:4

Annotations:
D:4 1 runed translucent door, Lovepenguin's ghost, amateur DEHu
D:6 3 runed translucent doors, Caterwaul's ghost, novice CoGl
Lair:2 exclusion: scrub nettle
Shoals:3 4 transporters
Elf:2 3 runed translucent doors


Innate Abilities, Weirdness & Mutations

You are a living statue of rough stone.
Your actions are slow, but your melee attacks are powerful.
You are resistant to unholy torment.
Your maximum health is greatly increased.
You cannot wear most types of armour.
You are amphibious.
You can wear up to eight rings at the same time.
You are immune to poison.
Your skin changes colour to match your surroundings (Stealth+).
Your magical capacity is very low. (-20% MP)
((Your rubbery body absorbs attacks. (AC +1, EV +1)))
You sometimes lose the ability to drink potions when taking damage.
You are hated by all.
You cannot study or cast Conjurations magic.
You cannot study or cast Fire magic.
You cannot study or cast Hexes magic.
You are somewhat inexperienced. (-1 XL)
((You are camouflaged when in or above water. (Stealth+)))
You have tentacles for arms and can constrict up to eight enemies at once.
You are robust. (+10% HP)
You occasionally shout uncontrollably at your foes.
Your muscles are strong. (Str +4, Int/Dex -1)
Potions are less effective at restoring your health.


Message History

You enter the passage of Golubria.
Aiming: Dig
Press: ? - help, Shift-Dir - straight line This square is covered in magical glow.
The rock shatters into small pieces.
Casting: Passage of Golubria (safe; 1% risk of failure)
Confirm with . or Enter, or press ? or * to list all spells.
Aiming: Passage of Golubria (safe; 1% risk of failure)
Press: ? - help, Dir - move target You enter the passage of Golubria.
Aiming: Dig
Press: ? - help, Shift-Dir - straight line A rock wall.
This square is covered in magical glow.
The rock shatters into small pieces.
Casting: Passage of Golubria (safe; 1% risk of failure)
Confirm with . or Enter, or press ? or * to list all spells.
Aiming: Passage of Golubria (safe; 1% risk of failure)
Press: ? - help, Dir - move target You enter the passage of Golubria.
A blizzard demon comes into view.
The blizzard demon gestures at you. The bolt of cold hits you. You resist.
There is a passage of Golubria here.
You enter the passage of Golubria.
You enter the passage of Golubria.
Your passage of Golubria closes with a snap!
You can't go down here!
Casting: Passage of Golubria (safe; 1% risk of failure)
Confirm with . or Enter, or press ? or * to list all spells.
Aiming: Passage of Golubria (safe; 1% risk of failure)
Press: ? - help, Dir - move target You enter the passage of Golubria.
There is a passage of Golubria here.
An Ice Fiend comes into view.
Your passage of Golubria closes with a snap!
There is a staircase leading out of the dungeon here.
Okay, then.
You redirect the Ice Fiend's attack!
You have escaped!

# #........##.# ## ######
##(#####.##.# .# #....#####...#
#.##.### .### #####.###.#...##.#
#....... ...#
#.....##......##.######.##.
...####.####........##.#.........
....##..# ##.........##..........
....#..####......♣...##....#####.
...^.......##..1I.....##...#(?$#.
....#.#######.........##...#[$$#.
....#..## #.##........##...#$?)#.
#...##..###.##.....###.....#####.
#...###..##.##...### #.#.........
#...####......#####....#.........
#...##........##########.#.#.####
######............######.....#
#......###............######


You could see an Ice Fiend.

Vanquished Creatures
  Cerebov (Pan)
  Antaeus (Coc:7)
  Asmodeus (Geh:7)
  the Royal Jelly (Slime:5)
  Ignacio (Pan)
  the Serpent of Hell (Coc:7)
  Mnoleg (Pan)
  Lom Lobon (Pan)
  Ereshkigal (Tar:7)
  Gloorx Vloq (Pan)
  A dread lich (Zot:5)
  Dispater (Dis:7)
  7 ancient liches
  4 orbs of fire (Zot:5)
  Khufu (Tomb:3)
  A juggernaut (Dis:7)
  14 royal mummies
  7 pandemonium lords
  Josephina (Zot:2)
  16 shard shrikes
  2 Killer Klowns
  17 caustic shrikes
  2 curse toes
  Saint Roka (Depths:2)
  Geryon (Hell)
  7 golden dragons
  Nikola (Elf:3)
  8 profane servitors
  3 doom hounds
  Norris (Elf:1)
  Jory (Crypt:3)
  7 bone dragons
  14 Brimstone Fiends
  An electric golem (Zot:5)
  15 Tzitzimimeh
  12 tentacled monstrosities
  17 Hell Sentinels
  6 hellephants
  A spectral shard shrike (Tar:5)
  11 iron giants
  4 liches
  Zenata (Vaults:2)
  17 Ice Fiends
  14 tainted leviathans
  23 Orb Guardians
  2 deep elf master archers (Elf:3)
  11 titans
  5 quicksilver dragons
  6 sphinxes
  4 deep elf blademasters
  13 acid blobs
  5 death cobs
  29 searing wretches
  15 Executioners (Pan)
  20 ancient champions
  An eldritch tentacle (Coc:3)
  Agnes (D:14)
  2 tentacled starspawn (Abyss:4)
  5 tengu reavers (Vaults:5)
  Gastronok (D:10)
  Kirke (D:13)
  Aizul (Shoals:4)
  4 rockslimes
  15 shadow dragons
  The ghost of Ciasacirur the Scorcher, an adept DrFE of the Shining One (Snake:3)
  Roxanne (Shoals:4)
  4 storm dragons
  7 demonspawn warmongers (Pan)
  A fenstrider witch (Pan)
  Donald (Shoals:2)
  7 nagarajas
  23 fire giants
  5 protean progenitors
  5 frost giants
  14 vault wardens
  17 azure jellies
  3 draconian knights (Zot:5)
  6 iron dragons
  A draconian scorcher (Zot:5)
  2 revenants
  3 deep elf elementalists (Elf:3)
  2 caustic shrike zombies
  7 shard shrike simulacra
  5 quicksilver elementals
  6 ghost moths
  33 balrugs
  A spectral juggernaut (Tar:2)
  2 curse skulls (Pan)
  11 narguns
  3 orc warlords
  15 reapers
  An angel (Pan)
  10 ghouls
  7 quicksilver oozes
  5 demonspawn corrupters
  5 draconian annihilators
  A broodmother (Pan)
  6 formless jellyfish
  11 ironbound preservers
  A spriggan defender (Depths:4)
  10 cacodemons (Pan)
  2 caustic shrike skeletons
  6 demonspawn black suns (Pan)
  8 ironbound thunderhulks
  6 very ugly things
  5 demonspawn blood saints (Pan)
  A juggernaut skeleton (Pan)
  26 elemental wellsprings
  A black draconian (Depths:4)
  5 green draconians
  7 deep elf death magi
  6 deep elf demonologists
  A spectral titan (Tar:2)
  9 stone giants
  8 dire elephants
  8 wendigos
  A yellow draconian (Depths:4)
  12 putrid mouths
  3 purple draconians
  5 lorocyprocas
  23 bennus
  3 halazid warlocks (Desolation)
  3 spark wasps
  2 red draconians (Zot:5)
  A white draconian (IceCv)
  21 iron golems
  20 war gargoyles
  3 deep elf annihilators
  The ghost of keinz the Fighter, a journeyman DjIE of Ashenzari (Lair:1)
  A quicksilver dragon zombie (Crypt:3)
  11 blizzard demons
  An entropy weaver (shapeshifter) (D:13)
  12 eidola
  26 mummy priests
  4 merfolk impalers
  2 merfolk javelineers
  6 green deaths
  10 ettins
  A fire dragon (Depths:1)
  4 crystal guardians
  8 ragged hierophants (Desolation)
  8 yaktaur captains
  2 deep elf high priests
  7 entropy weavers
  8 ice dragons
  2 spectral spriggans (Tar:2)
  The ghost of tlatlagkaus the Thaumaturge, a journeyman OpIE of Vehumet (Orc:2)
  23 vault guards
  13 great orbs of eyes
  2 hydras
  7 servants of whispers (Desolation)
  11 peacekeepers
  A quicksilver dragon skeleton (Hell)
  14 caustic shrike simulacra
  2 hell beasts (Pan)
  A spriggan zombie (Tomb:1)
  A catoblepas (D:15)
  11 salamander tyrants
  5 juggernaut simulacra
  10 ironbound frosthearts
  A jorogumo (Pan)
  5 spriggan air magi
  2 alligator snapping turtles
  4 boulder beetles
  8 anacondas
  16 centaur warriors
  4 ogre magi
  17 dancing weapons
  4 death knights
  13 hell hogs
  9 two-headed ogres
  15 stokers
  6 tengu warriors
  4 merfolk aquamancers
  A deep troll earth mage (Depths:1)
  8 orc high priests
  3 satyrs
  2 vampire magi
  26 death scarabs
  2 deep troll shamans (Depths:2)
  5 thrashing horrors
  3 spectral emperor scorpions (Pan)
  2 demonic crawlers (Pan)
  18 naga sharpshooters
  2 titan zombies
  14 naga warriors
  2 spectral nagas (Tar:2)
  Urug (Lair:3)
  11 shock serpents
  6 spriggan berserkers
  A spectral dire elephant (Tar:2)
  3 occultists
  14 soul eaters
  15 deep elf knights
  43 sun demons
  5 crystal echidnas
  4 skysharks
  A fire crab (shapeshifter) (D:13)
  10 sixfirhies
  2 wretched stars (Abyss:4)
  13 hell knights
  A bunyip zombie (Crypt:3)
  7 salamander mystics
  21 shadow wraiths
  4 flayed ghosts
  A spectral bunyip (Tar:1)
  4 hellephant skeletons (Pan)
  2 glowing orange brains (shapeshifter)
  43 skeletal warriors
  2 anaconda zombies
  8 spectral anacondas (Tar:2)
  4 shadow demons
  14 sea snakes
  6 quicksilver dragon simulacra
  7 iron trolls
  18 large abominations
  3 bog bodies (Crypt:1)
  9 mana vipers
  3 spriggan simulacra
  26 deep trolls
  A glowing orange brain (Depths:3)
  7 arcanists
  3 naga ritualists
  17 ironbound convokers
  3 lindwurms (Vaults:3)
  A thermic dynamo (Elf:1)
  An orange crystal statue (IceCv)
  2 cherubim (Elf:1)
  29 deep elf zephyrmancers
  A bunyip skeleton (Tomb:1)
  3 sun moths (Pan)
  9 deep elf archers
  5 necromancers
  12 harpies
  20 phantasmal warriors
  Pikel (D:6)
  24 deep elf pyromancers
  2 alligator zombies (Hell)
  An ugly thing (shapeshifter) (Vaults:5)
  An orc sorcerer (Vaults:5)
  2 obsidian bats (Orc:1)
  A tengu skeleton (Vaults:3)
  17 orc knights
  A salamander (shapeshifter) (Vaults:5)
  3 oklob plants (Lair:4)
  21 salamanders
  A spectral ettin (Tar:2)
  5 shining eyes
  2 stone giant zombies (Crypt:3)
  8 cyclopes
  14 fauns
  44 ugly things
  A spectral centaur (Tar:2)
  A fire giant zombie (Vaults:4)
  A frost giant zombie (Vaults:4)
  16 manticores
  3 kobold blastminers
  7 moths of wrath
  An iron dragon skeleton (Vaults:3)
  A torpor snail (Lair:1)
  6 meliai
  A worldbinder (Abyss:4)
  27 black mambas
  14 merfolk sirens
  8 orange demons (Pan)
  7 smoke demons
  2 molten gargoyles (Desolation)
  An apocalypse crab (Abyss:4)
  3 rust devils
  16 vault sentinels
  13 guardian serpents
  An eye of devastation (Pan)
  13 naga magi
  2 centaur zombies
  A gargoyle (D:11)
  10 cane toads
  4 water nymphs
  An eye of devastation (shapeshifter) (Vaults:5)
  4 titan simulacra
  An alligator snapping turtle zombie (Tomb:2)
  A naga skeleton (Tomb:1)
  A sea snake zombie (Hell)
  A yaktaur (shapeshifter) (Depths:2)
  20 rime drakes
  14 freezing wraiths
  4 unseen horrors
  21 yaktaurs
  A dire elephant skeleton (Tomb:2)
  23 hellions
  Psyche (D:11)
  14 komodo dragons
  A centaur skeleton (Hell)
  11 tormentors
  3 golden dragon simulacra
  4 yaktaur skeletons
  5 tengu conjurers
  A purple draconian skeleton (Crypt:1)
  An efreet (Pan)
  9 anaconda simulacra
  A silent spectre (Tar:4)
  An iron giant simulacrum (Coc:7)
  5 harpy zombies (Crypt:3)
  An ancient zyme (Abyss:4)
  20 merfolk
  43 guardian mummies
  A spectral harpy (Tar:6)
  8 ice devils
  5 red devils
  8 trolls
  A hydra zombie (Hell)
  A troll (shapeshifter) (D:13)
  7 hellwings
  A great orb of eyes zombie (Crypt:1)
  3 hornets
  A polar bear (shapeshifter) (D:13)
  A wind drake (shapeshifter) (Vaults:5)
  A shadow dragon simulacrum (Coc:1)
  32 blink frogs
  A hydra skeleton (Hell)
  5 wind drakes
  2 glass eyes
  16 polar bears
  3 raiju
  2 tarantellas (Vaults:4)
  5 snapping turtles
  A harpy skeleton (Tomb:2)
  9 dream sheep
  63 saltlings
  A fire dragon zombie (Hell)
  2 stone giant simulacra
  2 ettin zombies
  73 slime creatures
  A draconian simulacrum (Zot:2)
  An air elemental (Elf:1)
  Sigmund (D:6)
  3 elf skeletons
  5 spriggans
  A spriggan (shapeshifter) (D:14)
  9 water elementals
  3 shadows
  43 yaks
  10 wraiths
  6 ushabtiu
  A wyvern (Lair:5)
  A deep troll skeleton (Vaults:3)
  2 humans (Depths:1)
  A yak (shapeshifter) (Elf:1)
  An ettin skeleton (Vaults:3)
  3 vampires
  22 ynoxinuls
  2 dire elephant simulacra
  7 golden eyes
  7 hogs (D:13)
  3 starcursed masses (Abyss:4)
  An alligator snapping turtle simulacrum (Coc:1)
  A hog (shapeshifter) (D:13)
  A basilisk (shapeshifter) (Elf:2)
  A steam dragon (D:9)
  9 basilisks
  8 neqoxecs (Pan)
  A sea snake simulacrum (Hell)
  Grum (D:10)
  6 redbacks
  11 harpy simulacra
  2 naga zombies
  A white draconian simulacrum (Zot:2)
  3 swamp worms (Zot:1)
  6 vampire mosquitoes
  19 chaos spawn
  4 acid dragons
  40 nagas
  2 hydra simulacra (Hell)
  12 water moccasins
  2 glowing shapeshifter skeletons (Vaults:3)
  3 hell hounds (Hell)
  2 sky beasts (D:7)
  An ice beast (D:6)
  36 orc warriors
  8 ettin simulacra
  2 human zombies
  7 ogres
  A black bear (D:8)
  10 boggarts
  9 small abominations
  17 wolves
  8 centaurs
  2 lemures (D:6)
  Blork the orc (D:6)
  2 gnoll sergeants
  11 bullfrogs
  4 naga simulacra
  8 earth elementals
  3 scorpions
  A human skeleton (Vaults:3)
  17 wights
  9 wyvern skeletons (Crypt:3)
  7 howler monkeys
  5 electric eels
  3 bombardier beetles
  A crimson imp (Pan)
  5 hounds
  30 orc priests
  5 jellies
  A scrub nettle (Lair:2)
  2 gnoll boudas
  An iguana (D:5)
  13 orc wizards
  35 mummies
  Robin (D:3)
  21 gnolls
  2 adders
  2 shadow imps (Tar:7)
  3 white imps
  2 ufetubi (D:6)
  2 dart slugs
  3 ribbon worms
  87 orcs
  6 ball pythons
  7 endoplasms
  2 giant cockroaches (D:2)
  20 goblins
  9 hobgoblins
  4 jackals (D:4)
  2 quokkas (D:1)
  5 bats
  A frilled lizard (D:2)
  15 kobolds
  4 rats
  A spectral hobgoblin (D:4)
  An aspiring flesh (Pan)
  2 creeping infernos
  A lurking horror (Abyss:4)
  2 starspawn tentacles (Abyss:4)
3183 creatures vanquished.

Vanquished Creatures (others)
  A titan (Coc:5)
  An eldritch tentacle (Pan)
  A fire giant (Geh:7)
  A balrug (Pan)
  2 shard shrike simulacra
  A formless jellyfish (Vaults:1)
  A deep elf death mage (Vaults:5)
  A bennu (Tomb:3)
  A deep elf demonologist (Elf:3)
  An ettin (Vaults:5)
  A mummy priest (Tomb:3)
  An iron golem (Dis:6)
  A deep elf high priest (Vaults:5)
  2 vault guards (Vaults:5)
  A caustic shrike simulacrum (Coc:7)
  An ice dragon (Depths:2)
  A ragged hierophant (Desolation)
  A centaur warrior (Shoals:1)
  A juggernaut simulacrum (Coc:7)
  A two-headed ogre (D:10)
  A boulder beetle (Pan)
  A naga warrior (Snake:3)
  A sun demon (Pan)
  A skyshark (Lair:3)
  A sixfirhy (Pan)
  2 deep trolls
  An arcanist (Vaults:3)
  A quicksilver dragon simulacrum (Coc:6)
  A deep elf archer (Elf:3)
  An ironbound convoker (Vaults:5)
  A sun moth (Pan)
  A deep elf zephyrmancer (Elf:3)
  2 deep elf pyromancers
  A salamander (Snake:4)
  A manticore (Shoals:4)
  A meliai (D:15)
  A smoke demon (Pan)
  A guardian mummy (Tomb:3)
  A tormentor (Coc:6)
  An iron giant simulacrum (Coc:6)
  A saltling (Desolation)
  2 slime creatures
  A wraith (D:10)
  A yak (Lair:5)
  2 harpy simulacra
  A chaos spawn (Pan)
  An orc warrior (Vaults:5)
  An earth elemental (Elf:3)
  A wight (Crypt:3)
  6 ball lightnings (Pan)
  A creeping inferno (Hell)
  A fire vortex (Pan)
63 creatures vanquished.

Grand Total: 3246 creatures vanquished

Notes
Turn   | Place    | Note
-------+----------+-------------------------------------------
     0 | D:1      | tlatlagkaus the Octopode Shapeshifter began the quest for
                  | the Orb.
     0 | D:1      | Reached XP level 1. HP: 13/13 MP: 1/1
    46 | D:1      | Found a faded altar of an unknown god.
   100 | D:1      | Reached XP level 2. HP: 18/18 MP: 2/2
   503 | D:2      | Noticed an ogre
   677 | D:2      | Reached XP level 3. HP: 24/24 MP: 3/3
   679 | D:2      | Killed an ogre
   680 | D:2      | Reached XP level 4. HP: 29/29 MP: 4/4
   727 | D:2      | Reached XP level 5. HP: 28/34 MP: 5/5
  1211 | D:3      | Found an opulent altar of Gozag.
  1229 | D:3      | Noticed Robin
  1265 | D:3      | Killed Robin
  1333 | D:3      | You fall into a shaft and drop 1 floor!
  1333 | D:4      | Found a runed translucent door.
  1337 | D:4      | Noticed Lovepenguin's ghost (amateur DEHu)
  1400 | D:4      | Reached XP level 6. HP: 39/39 MP: 6/6
  1420 | D:4      | Reached skill level 5 in Unarmed Combat
  2103 | D:4      | Found a hazy altar of Hepliaklqana.
  2124 | D:4      | Reached skill level 5 in Shapeshifting
  2164 | D:5      | Entered Level 5 of the Dungeon
  2251 | D:5      | Reached XP level 7. HP: 40/45 MP: 7/7
  2294 | D:5      | Found a bloodstained altar of Trog.
  2381 | D:5      | Found a stormy altar of Qazlal.
  3001 | D:6      | Noticed Blork the orc
  3113 | D:6      | Found a runed translucent gate.
  3114 | D:6      | Found a runed translucent gate.
  3115 | D:6      | Found a runed translucent gate.
  3129 | D:6      | Noticed Caterwaul's ghost (novice CoGl)
  3150 | D:6      | Reached XP level 8. HP: 34/50 MP: 8/8
  3161 | D:6      | Noticed Pikel
  3208 | D:6      | Killed Pikel
  3209 | D:6      | Reached skill level 5 in Dodging
  3244 | D:6      | Noticed Sigmund
  3251 | D:6      | Killed Sigmund
  3330 | D:6      | Reached XP level 9. HP: 31/56 MP: 9/9
  3372 | D:6      | Found Awoseisk's Book Shop.
  3638 | D:6      | Killed Blork the orc
  3815 | D:7      | Found a sparkling altar of Nemelex Xobeh.
  3824 | D:7      | Found a broken altar of Ashenzari.
  3914 | D:7      | Found a staircase to the Ecumenical Temple.
  3924 | Temple   | Entered the Ecumenical Temple
  3935 | Temple   | Became a worshipper of Ru the Awakened
  4354 | D:8      | Found a flagged portal.
  4494 | Bailey   | Entered a bailey
  4499 | Bailey   | Noticed an orc warlord
  4547 | Bailey   | Noticed an orc knight
  4570 | Bailey   | Killed an orc knight
  4571 | Bailey   | Reached XP level 10. HP: 32/63 MP: 10/10
  4655 | Bailey   | Found a runed translucent gate.
  4656 | Bailey   | Found a runed translucent gate.
  4658 | Bailey   | Found a runed translucent gate.
  4739 | Bailey   | Killed an orc warlord
  4784 | Bailey   | Reached XP level 11. HP: 75/75 MP: 11/11
  5430 | D:9      | Found a staircase to the Lair.
  5636 | Lair:1   | Entered Level 1 of the Lair of Beasts
  5788 | Lair:1   | Reached XP level 12. HP: 62/81 MP: 12/12
  5828 | Lair:1   | Gained mutation: You are hated by all. [Ru sacrifice]
  5828 | Lair:1   | Reached * piety under Ru
  5876 | Lair:1   | Noticed keinz's ghost (journeyman DjIE)
  5877 | Lair:1   | Found a runed translucent door.
  6297 | Lair:1   | Reached skill level 10 in Shapeshifting
  6423 | Lair:2   | Noticed a six-headed hydra
  6429 | Lair:1   | Reached skill level 10 in Dodging
  6463 | Lair:1   | You fall into a shaft and drop 1 floor!
  6763 | Lair:2   | Killed a six-headed hydra
  7091 | Lair:4   | Gained mutation: You occasionally lose the ability to drink
                  | potions when taking damage. [Ru sacrifice]
  7091 | Lair:4   | Gained mutation: You sometimes lose the ability to drink
                  | potions when taking damage. [Ru sacrifice]
  7091 | Lair:4   | Reached ** piety under Ru
  7091 | Lair:4   | Reached *** piety under Ru
  7104 | Lair:4   | Found a staircase to the Slime Pits.
  7178 | Lair:5   | Entered Level 5 of the Lair of Beasts
  7184 | Lair:5   | Reached skill level 1 in Stealth
  7190 | Lair:5   | Reached XP level 13. HP: 88/88 MP: 13/13
  7250 | Lair:5   | Reached skill level 1 in Evocations
  7480 | Lair:5   | Learned a level 1 spell: Apportation
  7785 | Lair:5   | Reached skill level 5 in Stealth
  8528 | Lair:5   | Found a corrupted altar of Lugonu.
  8528 | Lair:5   | Found a one-way gate to the infinite horrors of the Abyss.
  8536 | Lair:5   | Got an earthy gem with 685 turns to spare
  8702 | Lair:5   | Noticed an azure jelly
  8715 | Lair:5   | Killed an azure jelly
  8716 | Lair:5   | Reached skill level 15 in Unarmed Combat
  8892 | Lair:4   | Gained mutation: You are somewhat inexperienced. (-1 XL)
                  | [Ru sacrifice]
  8892 | Lair:4   | Reached XP level 12. HP: 82/82 MP: 12/12
  8892 | Lair:4   | Reached **** piety under Ru
  8920 | Lair:3   | Reached XP level 13. HP: 88/88 MP: 13/13
  8951 | Lair:4   | Learned a level 3 spell: Frozen Ramparts
  8955 | Lair:4   | Learned a level 3 spell: Ozocubu's Armour
  9276 | Lair:2   | Reached skill level 1 in Ice Magic
  9279 | Lair:2   | Reached skill level 1 in Spellcasting
  9480 | Lair:3   | Noticed Urug
  9487 | Lair:3   | Killed Urug
  9572 | Lair:3   | Found a staircase to the Shoals.
  9579 | Lair:3   | Reached skill level 2 in Ice Magic
  9748 | Lair:2   | Found the +5 Storm Queen's Shield {shock, Fly rElec}
  9809 | Lair:2   | Found a staircase to the Snake Pit.
  9939 | Lair:2   | Reached skill level 3 in Ice Magic
 10066 | D:10     | Entered Level 10 of the Dungeon
 10300 | D:11     | Gained mutation: Your magical capacity is low. (-10% MP)
                  | [Ru sacrifice]
 10300 | D:11     | Reached ***** piety under Ru
 10425 | D:12     | Found a staircase to the Orcish Mines.
 10471 | D:12     | Reached skill level 4 in Ice Magic
 10770 | D:13     | Reached skill level 5 in Ice Magic
 10800 | D:14     | Noticed Agnes
 10804 | D:14     | Killed Agnes
 10931 | D:15     | Entered Level 15 of the Dungeon
 10990 | D:15     | Reached skill level 1 in Shields
 11146 | D:15     | Reached XP level 14. HP: 55/93 MP: 10/16
 11189 | D:15     | Found a staircase to the Depths.
 11189 | D:15     | Noticed a fire giant
 11207 | D:15     | Killed a fire giant
 11238 | D:15     | Got a smoky gem with 2540 turns to spare
 11808 | D:14     | Reached skill level 5 in Shields
 12168 | D:13     | Identified a scroll of acquirement
 12168 | D:13     | Acquired a manual of Dodging
 12172 | D:13     | Found a gate to the Vaults.
 12216 | D:13     | Reached skill level 6 in Ice Magic
 12299 | D:13     | Noticed Kirke
 12306 | D:13     | Killed Kirke
 12573 | D:13     | Reached skill level 7 in Ice Magic
 13552 | D:11     | Noticed Psyche
 13559 | D:11     | Killed Psyche
 13990 | D:10     | Noticed Grum
 13997 | D:10     | Reached skill level 1 in Translocations
 13998 | D:10     | Killed Grum
 13999 | D:10     | Reached XP level 15. HP: 99/99 MP: 19/19
 14190 | D:10     | Noticed Gastronok
 14201 | D:10     | Killed Gastronok
 14259 | D:10     | Gained mutation: You cannot study or cast Fire magic. [Ru
                  | sacrifice]
 14259 | D:10     | Gained mutation: You cannot study or cast Hexes magic. [Ru
                  | sacrifice]
 14259 | D:10     | Gained mutation: You cannot study or cast Conjurations
                  | magic. [Ru sacrifice]
 14261 | D:10     | Found the +5 scythe "Finisher" {speed, execute}
 14476 | Orc:1    | Entered Level 1 of the Orcish Mines
 14565 | Orc:1    | Reached skill level 8 in Ice Magic
 14718 | Orc:2    | Entered Level 2 of the Orcish Mines
 14802 | Orc:2    | Found Ecrurele's Jewellery Shoppe.
 14804 | Orc:2    | Found a transporter.
 14828 | Orc:2    | Noticed tlatlagkaus's ghost (journeyman OpIE)
 14862 | Orc:2    | Found a transporter.
 14867 | Orc:2    | Killed tlatlagkaus's ghost
 14884 | Orc:2    | Reached skill level 5 in Spellcasting
 15056 | Orc:2    | Found a staircase to the Elven Halls.
 15321 | Orc:2    | Found Buahewk's Jewellery Shop.
 15321 | Orc:2    | Found Teczyq's Book Shop.
 15322 | Orc:2    | Found Cymowe's Jewellery Boutique.
 15322 | Orc:2    | Found Lari's Book Shop.
 15330 | Orc:2    | Bought a ring of poison resistance for 280 gold pieces
 15332 | Orc:2    | Bought a ring of see invisible for 255 gold pieces
 15335 | Orc:2    | Bought a book of Displacement for 308 gold pieces
 15339 | Orc:2    | Learned a level 2 spell: Lesser Beckoning
 15343 | Orc:2    | Bought a +6 ring of intelligence for 612 gold pieces
 15343 | Orc:2    | Bought a +5 ring of evasion for 612 gold pieces
 15350 | Orc:2    | Gained mutation: Your magical capacity is very low. (-20%
                  | MP) [Ru sacrifice]
 15350 | Orc:2    | Reached ****** piety under Ru
 15584 | Snake:1  | Entered Level 1 of the Snake Pit
 15620 | Snake:1  | Reached skill level 5 in Translocations
 15675 | Snake:2  | Found a glacial archway.
 15675 | Snake:2  | Noticed an azure jelly
 15689 | Snake:2  | Killed an azure jelly
 15708 | IceCv    | Entered an ice cave
 15767 | IceCv    | Reached skill level 9 in Ice Magic
 16029 | IceCv    | Noticed a shard shrike
 16039 | IceCv    | Reached XP level 16. HP: 82/103 MP: 14/18
 16041 | IceCv    | Killed a shard shrike
 16059 | IceCv    | Identified the ring "Pesmon" {+Blink Fly rC+ Str+4}
 16175 | Snake:3  | Learned a level 4 spell: Vhi's Electric Charge
 16192 | Snake:3  | Found a large runed translucent door.
 16192 | Snake:3  | Found a large runed translucent door.
 16193 | Snake:3  | Noticed Ciasacirur's ghost (adept DrFE)
 16202 | Snake:3  | Killed Ciasacirur's ghost
 16226 | Snake:3  | Reached skill level 10 in Shields
 16284 | Snake:3  | Acquired a +6 ring of dexterity
 16317 | Snake:3  | Reached skill level 10 in Ice Magic
 16335 | Snake:4  | Entered Level 4 of the Snake Pit
 16654 | Snake:4  | Reached skill level 15 in Dodging
 17003 | Snake:4  | Got a jade gem with 1424 turns to spare
 17006 | Snake:4  | Got a serpentine rune of Zot
 17100 | Snake:4  | Reached XP level 17. HP: 109/110 MP: 19/19
 17572 | Snake:2  | You are sucked into a shaft and drop 1 floor!
 17769 | Snake:2  | Acquired a manual of Fighting
 17919 | Snake:1  | Reached skill level 10 in Fighting
 18685 | Shoals:1 | Entered Level 1 of the Shoals
 18699 | Shoals:1 | Found a white marble altar of Elyvilon.
 18766 | Shoals:1 | Found a shadowy altar of Dithmenos.
 18808 | Shoals:1 | Found Nedau's Distillery.
 18827 | Shoals:1 | Bought a potion of might for 40 gold pieces
 18827 | Shoals:1 | Bought a potion of might for 40 gold pieces
 18827 | Shoals:1 | Bought a potion of brilliance for 40 gold pieces
 18827 | Shoals:1 | Bought 2 potions of brilliance for 80 gold pieces
 18836 | Shoals:2 | Noticed Donald
 18848 | Shoals:2 | Killed Donald
 18941 | Shoals:3 | Acquired the +3 hat of Pondering {ponderous, Will+ MP+10
                  | Int+5}
 18941 | Shoals:3 | Found the +3 hat of Pondering {ponderous, Will+ MP+10
                  | Int+5}
 18960 | Shoals:3 | Found a transporter.
 18966 | Shoals:3 | Found a transporter.
 18971 | Shoals:3 | Found Zuinae's General Store.
 18975 | Shoals:3 | Found Befash's Armour Boutique.
 18981 | Shoals:3 | Bought a scroll of immolation for 60 gold pieces
 19002 | Shoals:4 | Entered Level 4 of the Shoals
 19205 | Shoals:4 | Noticed Roxanne
 19225 | Shoals:4 | Killed Roxanne
 19284 | Shoals:4 | Identified the serpent talisman of the Cockatrice {rF+}
 19284 | Shoals:4 | Noticed Aizul
 19312 | Shoals:4 | Killed Aizul
 19390 | Shoals:4 | Reached XP level 18. HP: 121/125 MP: 20/20
 19410 | Shoals:4 | Got a barnacled rune of Zot
 19410 | Shoals:4 | Got an azure gem with 1104 turns to spare
 19535 | Shoals:3 | Found a transporter.
 19542 | Shoals:3 | Found a transporter.
 19751 | Shoals:2 | Learned a level 6 spell: Permafrost Eruption
 20119 | Lair:1   | Killed keinz's ghost
 20125 | Lair:1   | Reached XP level 19. HP: 131/131 MP: 21/21
 20126 | Lair:1   | Reached XP level 20. HP: 137/137 MP: 22/22
 20337 | Elf:1    | Entered Level 1 of the Elven Halls
 20416 | Elf:1    | Reached skill level 1 in Air Magic
 20446 | Elf:1    | Paralysed by an air elemental for 1 turns
 20449 | Elf:1    | Noticed Norris
 20475 | Elf:1    | Killed Norris
 20534 | Elf:3    | Entered Level 3 of the Elven Halls
 20873 | Elf:3    | Found a radiant altar of Vehumet.
 20903 | Elf:3    | Reached skill level 15 in Shapeshifting
 20946 | Elf:3    | Noticed Nikola
 20976 | Elf:3    | Killed Nikola
 20977 | Elf:3    | Reached skill level 10 in Translocations
 21046 | Elf:3    | Found the +8 trishula "Condemnation" {holy, anguish, *Noise
                  | Fly rN+}
 21054 | Elf:3    | Identified the +1 robe of Restlessness {rN+++ rCorr Int-5
                  | SInv}
 21054 | Elf:3    | Identified the +2 triple sword of Damp Judgement {heavy,
                  | rElec SInv}
 21077 | Elf:3    | Got a shimmering gem with 687 turns to spare
 21205 | Elf:1    | Reached XP level 21. HP: 143/143 MP: 22/22
 21247 | Elf:2    | Found a runed translucent gate.
 21247 | Elf:2    | Found a runed translucent gate.
 21247 | Elf:2    | Found a runed translucent gate.
 21288 | Elf:2    | Found a huge runed translucent gate.
 21289 | Elf:2    | Found a huge runed translucent gate.
 21289 | Elf:2    | Found a huge runed translucent gate.
 21289 | Elf:2    | Found a huge runed translucent gate.
 21289 | Elf:2    | Found a huge runed translucent gate.
 21289 | Elf:2    | Found a huge runed translucent gate.
 21289 | Elf:2    | Identified the +6 double sword of the Changing Augurer
                  | {flame, *Noise Str+3 SInv}
 21290 | Elf:2    | Found a huge runed translucent gate.
 21290 | Elf:2    | Found a huge runed translucent gate.
 22003 | Lair:4   | Learned a level 4 spell: Passage of Golubria
 22038 | Slime:1  | Entered Level 1 of the Pits of Slime
 22138 | Slime:5  | Entered Level 5 of the Pits of Slime
 22169 | Slime:5  | Noticed the Royal Jelly
 22183 | Slime:5  | Killed the Royal Jelly
 22184 | Slime:5  | Reached skill level 15 in Shields
 22229 | Slime:5  | Gained mutation: You are clumsy. (Dex -2) [a shining eye]
 22230 | Slime:5  | Gained mutation: Potions are less effective at restoring
                  | your health. [a shining eye]
 22233 | Slime:5  | Gained mutation: You are very clumsy. (Dex -4) [a shining
                  | eye]
 22246 | Slime:5  | Got a slimy rune of Zot
 22246 | Slime:5  | Got a starry gem with 328 turns to spare
 22276 | Slime:5  | Identified the ring of Zin's Condemnation {Fly rPois rF-
                  | Int+2 Slay+4}
 22447 | Lair:1   | Lost mutation: You are very clumsy. (Dex -4) [potion of
                  | mutation]
 22447 | Lair:1   | Lost mutation: Potions are less effective at restoring your
                  | health. [potion of mutation]
 22447 | Lair:1   | Gained mutation: Your health recovers twice as slowly from
                  | being drained. [potion of mutation]
 22447 | Lair:1   | Gained mutation: Your muscles are strong. (Str +4, Int/Dex
                  | -1) [potion of mutation]
 22447 | Lair:1   | Gained mutation: Your body sometimes deteriorates upon
                  | taking damage. [potion of mutation]
 22448 | Lair:1   | Lost mutation: Your health recovers twice as slowly from
                  | being drained. [potion of mutation]
 22448 | Lair:1   | Lost mutation: You are clumsy. (Dex -2) [potion of
                  | mutation]
 22448 | Lair:1   | Lost mutation: Your muscles are strong. (Str +4, Int/Dex
                  | -1) [potion of mutation]
 22448 | Lair:1   | Gained mutation: You are frail. (-10% HP) [potion of
                  | mutation]
 22448 | Lair:1   | Gained mutation: You possess an exceptional clarity of
                  | mind. [potion of mutation]
 22448 | Lair:1   | Lost mutation: You possess an exceptional clarity of mind.
                  | [potion of mutation]
 22448 | Lair:1   | Gained mutation: You are partially covered in iridescent
                  | scales. (AC +2) [potion of mutation]
 22449 | Lair:1   | Lost mutation: You are partially covered in iridescent
                  | scales. (AC +2) [potion of mutation]
 22449 | Lair:1   | Lost mutation: You are frail. (-10% HP) [potion of
                  | mutation]
 22449 | Lair:1   | Lost mutation: Your body sometimes deteriorates upon taking
                  | damage. [potion of mutation]
 22449 | Lair:1   | Gained mutation: You are partially covered in iridescent
                  | scales. (AC +2) [potion of mutation]
 22449 | Lair:1   | Gained mutation: You are clumsy. (Dex -2) [potion of
                  | mutation]
 22450 | Lair:1   | Lost mutation: You are partially covered in iridescent
                  | scales. (AC +2) [potion of mutation]
 22450 | Lair:1   | Lost mutation: You are clumsy. (Dex -2) [potion of
                  | mutation]
 22450 | Lair:1   | Gained mutation: You are strong-willed. (Will+) [potion of
                  | mutation]
 22584 | Vaults:1 | Entered Level 1 of the Vaults
 22872 | Vaults:1 | Reached skill level 15 in Fighting
 23003 | Vaults:2 | You are sucked into a shaft and drop 1 floor!
 23010 | Vaults:3 | Found a crumbling gateway.
 23026 | Desolati | Entered the Desolation of Salt
 23092 | Desolati | Reached XP level 22. HP: 125/152 MP: 23/23
 23188 | Desolati | Identified the ring "Gyimefoa" {rElec rPois}
 23195 | Desolati | Identified the staff of the Girdle {Int+3 Conj}
 23206 | Desolati | Identified the ring of Disaster {rPois rN+ rCorr Int-5
                  | Slay+3}
 23313 | Desolati | Found the +8 demon blade "Leech" {evervamp, Harm ^Drain
                  | rN+}
 23321 | Desolati | Got the Atlas of Untold Secrets
 23333 | Desolati | Found the +6 lightning scales {swift, rElec}
 23574 | Vaults:4 | Acquired 1167 gold pieces
 23640 | Vaults:5 | Entered Level 5 of the Vaults
 23699 | Vaults:5 | Noticed a golden dragon
 23703 | Vaults:5 | Noticed an ancient lich
 23709 | Vaults:5 | Gained mutation: You sometimes lose your temper in combat.
                  | [a neqoxec]
 23713 | Vaults:4 | Killed an ancient lich
 23714 | Vaults:4 | Lost mutation: You are strong-willed. (Will+) [potion of
                  | mutation]
 23714 | Vaults:4 | Lost mutation: You sometimes lose your temper in combat.
                  | [potion of mutation]
 23714 | Vaults:4 | Gained mutation: You are robust. (+10% HP) [potion of
                  | mutation]
 23714 | Vaults:4 | Gained mutation: Your muscles are strong. (Str +4, Int/Dex
                  | -1) [potion of mutation]
 23805 | Vaults:5 | Killed a golden dragon
 23811 | Vaults:5 | Noticed an ancient lich
 23877 | Vaults:5 | Identified the ring of Poung {Fly rC+ Dex+2 Stlth+}
 23898 | Vaults:5 | Killed an ancient lich
 23899 | Vaults:5 | Reached XP level 23. HP: 181/181 MP: 24/24
 23983 | Vaults:5 | Reached skill level 5 in Evocations
 24138 | Vaults:5 | Got a silver rune of Zot
 24138 | Vaults:5 | Got a shining gem with 2041 turns to spare
 24164 | Vaults:5 | Identified the +5 quarterstaff "Sasud" {flame, rN++ Dex+3}
 24176 | Vaults:5 | Identified the staff "Vail" {rF++ rC+ Dex+2 Ice}
 24350 | Vaults:4 | Found Istrivving's Book Shoppe.
 24356 | Vaults:4 | Bought the Encyclopedia of the Isometric Anticline for 576
                  | gold pieces
 24359 | Vaults:4 | Learned a level 2 spell: Blink
 24364 | Vaults:4 | Learned a level 4 spell: Manifold Assault
 25269 | Vaults:3 | Found Vexafor's Jewellery Boutique.
 25272 | Vaults:3 | Bought a ring of positive energy for 240 gold pieces
 25448 | Vaults:2 | Noticed Zenata
 25452 | Vaults:2 | Killed Zenata
 25458 | Vaults:2 | Identified the +3 ring mail "Beupoh" {^Drain rF+ rC+++
                  | SInv}
 25518 | Vaults:2 | Found Jotuqarch's Book Shop.
 25524 | Vaults:2 | Bought a book of Burglary for 396 gold pieces
 25530 | Vaults:2 | Learned a level 3 spell: Passwall
 25587 | Vaults:2 | Reached skill level 1 in Earth Magic
 25661 | Vaults:2 | Reached skill level 10 in Evocations
 25749 | Vaults:2 | Reached XP level 24. HP: 188/188 MP: 14/28
 26135 | Vaults:3 | Found a staircase to the Crypt.
 26139 | Crypt:1  | Entered Level 1 of the Crypt
 26195 | Crypt:3  | Entered Level 3 of the Crypt
 26274 | Crypt:3  | Noticed Jory
 26286 | Crypt:3  | Killed Jory
 26352 | Crypt:3  | Identified the +0 leather armour of Least Resistance {rF+++
                  | Int-4}
 26352 | Crypt:3  | Identified the +3 trident "Zuguhaqe" {drain, Dex+5}
 26386 | Crypt:3  | Got the Handbook of Hiemal Bad Luck
 26386 | Crypt:3  | Got the Lessons on Spectres
 26386 | Crypt:3  | Got an ivory gem with 1467 turns to spare
 26602 | Crypt:3  | Found a staircase to the Tomb.
 26872 | Tomb:1   | Entered Level 1 of the Tomb of the Ancients
 26993 | Tomb:1   | Noticed a royal mummy
 26998 | Tomb:1   | Noticed a royal mummy
 27002 | Tomb:1   | Killed a royal mummy
 27013 | Tomb:1   | Killed a royal mummy
 27180 | Tomb:2   | Noticed a royal mummy
 27181 | Tomb:2   | Noticed a royal mummy
 27181 | Tomb:2   | Noticed a royal mummy
 27182 | Tomb:2   | Noticed a royal mummy
 27187 | Tomb:2   | Reached skill level 10 in Spellcasting
 27187 | Tomb:2   | Reached skill level 11 in Ice Magic
 27188 | Tomb:2   | Killed a royal mummy
 27228 | Tomb:2   | Killed a royal mummy
 27229 | Tomb:2   | Reached XP level 25. HP: 97/177 MP: 18/29
 27230 | Tomb:2   | Killed a royal mummy
 27236 | Tomb:2   | Killed a royal mummy
 27401 | Tomb:2   | Learned a level 9 spell: Polar Vortex
 27409 | Tomb:3   | Entered Level 3 of the Tomb of the Ancients
 27435 | Tomb:3   | Reached skill level 12 in Ice Magic
 27465 | Tomb:3   | Noticed a royal mummy
 27477 | Tomb:3   | Noticed a royal mummy
 27487 | Tomb:3   | Killed a royal mummy
 27504 | Tomb:3   | Killed a royal mummy
 27533 | Tomb:3   | Noticed a royal mummy
 27544 | Tomb:3   | Killed a royal mummy
 27555 | Tomb:3   | Found the +18 shield of the Gong {Loud rN+ Will+ rCorr
                  | EV-5}
 27622 | Tomb:3   | Noticed a royal mummy
 27633 | Tomb:3   | Killed a royal mummy
 27634 | Tomb:3   | Reached skill level 13 in Ice Magic
 27635 | Tomb:3   | Noticed a royal mummy
 27640 | Tomb:3   | Noticed Khufu
 27642 | Tomb:3   | Killed a royal mummy
 27645 | Tomb:3   | Noticed a royal mummy
 27648 | Tomb:3   | Killed Khufu
 27648 | Tomb:3   | Noticed a royal mummy
 27653 | Tomb:3   | Noticed a royal mummy
 27669 | Tomb:3   | Killed a royal mummy
 27674 | Tomb:3   | Killed a royal mummy
 27688 | Tomb:3   | Killed a royal mummy
 27727 | Tomb:3   | Got a golden rune of Zot
 27727 | Tomb:3   | Got a sanguine gem with 783 turns to spare
 27743 | Tomb:3   | Identified the staff of Recklessness {rElec rPois Str-2
                  | Summ Alchemy}
 28074 | Depths:1 | Entered Level 1 of the Depths
 28109 | Depths:1 | Found a flickering gateway to a bazaar.
 28122 | Bazaar   | Entered a bazaar
 28130 | Bazaar   | Found Wiorour's Book Shop.
 28130 | Bazaar   | Found Zeusekat's Jewellery Shop.
 28272 | Depths:2 | Found a one-way gate leading to the halls of Pandemonium.
 28283 | Depths:2 | Reached skill level 14 in Ice Magic
 28289 | Depths:3 | Found a gateway to Hell.
 28304 | Depths:3 | Reached skill level 5 in Earth Magic
 28372 | Depths:4 | Entered Level 4 of the Depths
 28422 | Depths:4 | Reached XP level 26. HP: 201/201 MP: 32/32
 28447 | Depths:4 | Found a gate to the Realm of Zot.
 28481 | Depths:4 | Got a midnight gem with 2494 turns to spare
 28492 | Depths:4 | Found Qesumoc's Magic Scroll Shoppe.
 28496 | Depths:4 | Bought a scroll of fog for 88 gold pieces
 28496 | Depths:4 | Bought a scroll of teleportation for 66 gold pieces
 28496 | Depths:4 | Bought a scroll of revelation for 165 gold pieces
 28581 | Depths:4 | Acquired the ring of Zimeteop {+Blink rC+ Int+6}
 28629 | Depths:2 | Reached skill level 15 in Ice Magic
 28629 | Depths:2 | Noticed Saint Roka
 28650 | Depths:2 | Killed Saint Roka
 28743 | Pan      | Entered Pandemonium
 28743 | Pan      | Found a burning altar of Makhleb.
 28752 | Pan      | Gained mutation: You are partially covered in iridescent
                  | scales. (AC +2) [a cacodemon]
 28815 | Pan      | Got a demonic rune of Zot
 29033 | Pan      | Noticed Ignacio
 29042 | Pan      | Killed Ignacio
 29113 | Pan      | Noticed Sodil the pandemonium lord
 29118 | Pan      | Gained mutation: Your spells are a little easier to cast,
                  | but a little less powerful. [a cacodemon]
 29121 | Pan      | Reached skill level 16 in Ice Magic
 29125 | Pan      | Killed Sodil the pandemonium lord
 29190 | Pan      | Noticed Gofask the pandemonium lord
 29197 | Pan      | Reached skill level 15 in Spellcasting
 29202 | Pan      | Found an exit through the horrors of the Abyss.
 29224 | Pan      | Killed Gofask the pandemonium lord
 29259 | Pan      | Reached skill level 17 in Ice Magic
 29322 | Pan      | Entered the realm of Cerebov.
 29562 | Pan      | Identified the staff of Tuelaerch {rC+ rN+ Str+2 Stlth+
                  | Necro}
 29599 | Pan      | Got the Parchment of Elsewhere and Aeromancy
 29607 | Pan      | Reached skill level 18 in Ice Magic
 29613 | Pan      | Identified the ring "Vok Xaab" {rF+ rC+ rN+ Int+2 Dex-3}
 29632 | Pan      | Found the +6 sword of Cerebov {flame}
 29632 | Pan      | Identified the ring "Suan" {rElec rN+ EV+5 Str+2 Int+2}
 29632 | Pan      | Noticed Cerebov
 29655 | Pan      | Killed Cerebov
 29689 | Pan      | Got a fiery rune of Zot
 29744 | Pan      | Noticed Gulia the pandemonium lord
 29755 | Pan      | Killed Gulia the pandemonium lord
 29766 | Pan      | Paralysed by accursed screaming for 1 turns
 29807 | Pan      | Reached skill level 19 in Ice Magic
 29857 | Pan      | Noticed Vume Pipn the pandemonium lord
 29872 | Pan      | Killed Vume Pipn the pandemonium lord
 29885 | Pan      | Identified the +6 scale mail of Bice {-Tele rC+ rCorr
                  | Str+3}
 29943 | Pan      | Entered the realm of Lom Lobon.
 30097 | Pan      | Reached skill level 20 in Ice Magic
 30144 | Pan      | Noticed Lom Lobon
 30171 | Pan      | Killed Lom Lobon
 30214 | Pan      | Got a magical rune of Zot
 30295 | Pan      | Entered the realm of Mnoleg.
 30298 | Pan      | Noticed Mnoleg
 30329 | Pan      | Killed Mnoleg
 30351 | Pan      | Got a glowing rune of Zot
 30442 | Pan      | Reached skill level 21 in Ice Magic
 30572 | Pan      | Entered the realm of Gloorx Vloq.
 30590 | Pan      | Found an exit through the horrors of the Abyss.
 30759 | Pan      | Reached skill level 22 in Ice Magic
 30810 | Pan      | Noticed Gloorx Vloq
 30824 | Pan      | Killed Gloorx Vloq
 30834 | Pan      | Got a dark rune of Zot
 30960 | Pan      | Took an exit into the Abyss.
 30960 | Abyss:1  | Escaped into the Abyss
 30960 | Abyss:1  | Found a corrupted altar of Lugonu.
 31046 | Abyss:2  | Found a corrupted altar of Lugonu.
 31121 | Abyss:4  | Reached skill level 23 in Ice Magic
 31142 | Abyss:4  | Got an abyssal rune of Zot
 31161 | Depths:4 | Escaped the Abyss
 31162 | Depths:4 | Upgraded the game from 0.32-a0-841-g4648e6c to
                  | 0.32-a0-842-gbbb8fdb
 31169 | Hell     | Entered the Vestibule of Hell
 31169 | Hell     | Noticed Geryon
 31174 | Hell     | Killed Geryon
 31225 | Hell     | Found a gateway to the ashen valley of Gehenna.
 31257 | Geh:1    | Entered Level 1 of Gehenna
 31576 | Geh:7    | Entered Level 7 of Gehenna
 31628 | Geh:7    | Reached skill level 24 in Ice Magic
 32047 | Geh:7    | Found the +13 sceptre of Asmodeus
 32047 | Geh:7    | Noticed Asmodeus
 32067 | Geh:7    | Killed Asmodeus
 32101 | Geh:7    | Got an obsidian rune of Zot
 32187 | Hell     | Found a gateway to the decaying netherworld of Tartarus.
 32194 | Tar:1    | Entered Level 1 of Tartarus
 32249 | Tar:2    | Noticed an ancient lich
 32256 | Tar:2    | Killed an ancient lich
 32358 | Tar:4    | Noticed an ancient lich
 32365 | Tar:4    | Killed an ancient lich
 32462 | Tar:7    | Entered Level 7 of Tartarus
 32477 | Tar:7    | Reached skill level 25 in Ice Magic
 32665 | Tar:7    | Noticed Ereshkigal
 32715 | Tar:7    | Killed Ereshkigal
 32721 | Tar:7    | Got a bone rune of Zot
 32738 | Tar:7    | Identified the staff of Symmetry {*Corrode ^Fragile rElec
                  | MP+9 Int+9 Air}
 32838 | Hell     | Found a gateway to the freezing wastes of Cocytus.
 32852 | Coc:1    | Entered Level 1 of Cocytus
 33086 | Coc:6    | Reached skill level 26 in Ice Magic
 33186 | Coc:7    | Entered Level 7 of Cocytus
 33325 | Coc:7    | Noticed the Serpent of Hell
 33334 | Coc:7    | Killed the Serpent of Hell
 33345 | Coc:7    | Noticed Antaeus
 33439 | Coc:7    | Identified the staff of Objectivity {^Contam rF+ Str+4
                  | Fire}
 33448 | Coc:7    | Killed Antaeus
 33462 | Coc:7    | Got an icy rune of Zot
 33500 | Coc:7    | Paralysed by a wendigo for 1 turns
 33579 | Hell     | Found a gateway to the Iron City of Dis.
 33585 | Dis:1    | Entered Level 1 of the Iron City of Dis
 34125 | Dis:6    | Reached skill level 27 in Ice Magic
 34204 | Dis:7    | Entered Level 7 of the Iron City of Dis
 34318 | Dis:7    | Reached skill level 10 in Stealth
 34464 | Dis:7    | Noticed Dispater
 34483 | Dis:7    | Killed Dispater
 34485 | Dis:7    | Noticed a juggernaut
 34497 | Dis:7    | Killed a juggernaut
 34503 | Dis:7    | Got an iron rune of Zot
 34578 | Zot:1    | Entered Level 1 of the Realm of Zot
 34662 | Zot:2    | Identified the ring "Riad" {Ice Fly Dex+3}
 34662 | Zot:2    | Noticed Josephina
 34671 | Zot:2    | Killed Josephina
 34822 | Zot:5    | Entered Level 5 of the Realm of Zot
 34860 | Zot:5    | Got a prismatic gem with 600 turns to spare
 34883 | Zot:5    | Noticed a dread lich
 34884 | Zot:5    | Killed a dread lich
 34888 | Zot:5    | Noticed an ancient lich
 34891 | Zot:5    | Noticed an ancient lich
 34891 | Zot:5    | Killed an ancient lich
 34891 | Zot:5    | Noticed an orb of fire
 34892 | Zot:5    | Noticed an orb of fire
 34899 | Zot:5    | Killed an orb of fire
 34899 | Zot:5    | Noticed an orb of fire
 34902 | Zot:5    | Gained mutation: You occasionally shout uncontrollably at
                  | your foes. [an orb of fire]
 34903 | Zot:5    | Gained mutation: You occasionally lose the ability to read
                  | scrolls when taking damage. [an orb of fire]
 34904 | Zot:5    | Killed an orb of fire
 34916 | Zot:5    | Killed an ancient lich
 34926 | Zot:5    | Lost mutation: You are partially covered in iridescent
                  | scales. (AC +2) [potion of mutation]
 34926 | Zot:5    | Lost mutation: You occasionally lose the ability to read
                  | scrolls when taking damage. [potion of mutation]
 34926 | Zot:5    | Gained mutation: You have hidden genetic potential. [potion
                  | of mutation]
 34926 | Zot:5    | Lost mutation: Your spells are a little easier to cast, but
                  | a little less powerful. [potion of mutation]
 34928 | Zot:5    | Noticed an ancient lich
 34931 | Zot:5    | Killed an ancient lich
 34994 | Zot:5    | Noticed an orb of fire
 34995 | Zot:5    | Lost mutation: You have hidden genetic potential. [an orb
                  | of fire]
 35000 | Zot:5    | Killed an orb of fire
 35009 | Zot:5    | Got the Orb of Zot
 35043 | Zot:5    | Gained mutation: Potions are less effective at restoring
                  | your health. [an orb of fire]
 35049 | Zot:5    | Killed an orb of fire
 35153 | Zot:1    | Noticed Qoizeo the pandemonium lord
 35164 | Zot:1    | Killed Qoizeo the pandemonium lord
 35171 | Zot:1    | Noticed Muagiaz the pandemonium lord
 35172 | Zot:1    | Noticed Haor the pandemonium lord
 35184 | Zot:1    | Killed Muagiaz the pandemonium lord
 35187 | Zot:1    | Killed Haor the pandemonium lord
 35222 | Depths:2 | Found a sacrificial altar of Ru.
 35234 | Depths:2 | Identified the +3 demon blade of Sloth {flame, rN+ Str+3}
 35535 | D:$      | Escaped with the Orb!

Illustrated notes

Levels and vault maps discovered:
D:1:      spicycebolla_green_bress_n_ham, layout_basic,
          ebering_ecumenical_altar_sacrificial, due_unseen_surprise
D:2:      layout_basic, patterned_corridor
D:3:      layout_basic, grunt_gozag_statues, serial_forest,
          infiniplex_forest_clump_curved, infiniplex_forest_clump_small,
          infiniplex_forest_lined_4_way, infiniplex_forest_lined_room_,
          infiniplex_forest_clump_double, infiniplex_forest_lined_3,
          guppyfry_early_orc_mine, uniq_robin
D:4:      layout_basic, nicolae_hepliaklqana_monster_ancestors,
          ebering_ghost_reflecting_pool
D:5:      layout_basic, grunt_qazlal_sundering, kennysheep_mini
D:6:      layout_rooms, gammafunk_ghost_split, serial_shops, nicolae_shop_stone,
          hex_medium, uniq_pikel, uniq_blork_the_orc, uniq_sigmund
D:7:      layout_basic, mainiacjoe_overflow_large_starburst,
          minmay_temple_entry_grid
D:8:      layout_layer_cave, enter_bailey_5
D:9:      layout_cave_pods, dpeg_lair_monsters
D:10:     layout_stronghold, minmay_guarded_unrand_finisher, uniq_gastronok,
          uniq_grum
D:11:     layout_cave_pods, serial_bayou, serial_bayou_ford_a,
          serial_bayou_pond_b, serial_bayou_pond_a, serial_bayou_pond_c,
          uniq_psyche
D:12:     layout_loops_ring, david_orc_5, st_stairs_2, minmay_fractal_squares_5
D:13:     minmay_quarter_circles, layout_basic, erik_vaults_1,
          nicolae_fountain_basement, uniq_kirke
D:14:     layout_basic, kennysheep_pointless_box, hex_tiny, uniq_agnes
D:15:     grunt_enter_depths_giant_problem, layout_basic, chequers_arboretum,
          serial_library_hellmonk_hallway_a
Temple:   nicolae_temple_bog_church
Lair:1:   layout_cave_pods, hellmonk_ghost_happy_afterlife,
          serial_bayou_shore_b, grunt_megastairs_4, lemuel_fruit_fields
Lair:2:   layout_chaotic_city, minmay_snake_entry_six_corridors, evilmike_ambush
          [evilmike_ambush_outer_corners, evilmike_ambush_inner_basic],
          grunt_megastairs_3, lemuel_fruit_tree
Lair:3:   layout_cave_pods, nicolae_shoals_entry_roost, uniq_urug
Lair:4:   layout_regular_city, minmay_slime_entry_oklob_open
Lair:5:   hellmonk_lair_end_abyssal_woods, layout_regular_city,
          nicolae_lair_time_for_slime
Shoals:1: layout_shoals, serial_shops, shop, lemuel_altar_in_water,
          hangedman_feature_mirror
Shoals:2: nicolae_shoals_aurelia_aurita, layout_shoals, uniq_donald
Shoals:3: layout_shoals, serial_shops, shop_statue,
          nicolae_shop_pleasant_corner_grove, shop, nicolae_shop_behind_doors,
          shop, serial_nicolae_subway, nicolae_sub_station_stone,
          nicolae_sub_station_metal, nicolae_sub_station_crystal
Shoals:4: shoals_end_simple, layout_shoals, uniq_aizul, uniq_roxanne
Snake:1:  layout_chambers, nicolae_triple_integral
Snake:2:  layout_concentric_octagons, portal_ice_cave_entry_frozen_things,
          nicolae_fountain_basement
Snake:3:  layout_grid_shapes, ebering_ghost_disaster_area, grunt_megastairs_1
Snake:4:  grunt_snake_rune_pools, layout_cave_town
Slime:1:  layout_caves
Slime:2:  layout_caves
Slime:3:  layout_caves, cheibrodos_slime_lost_civilization_4
Slime:4:  cheibrodos_slime_lost_civilization_9, layout_caves
Slime:5:  slime_pit_nicolae_block_by_block
Orc:1:    layout_diamond_mine, nicolae_orc_minecarts
Orc:2:    st_orc_pillars, layout_caves, gammafunk_ghost_abyssal_escape,
          serial_shops, shop, nicolae_orc_beogh_chapel
Elf:1:    minmay_elf_arrival_summoners, layout_loops_cross, evilmike_minifort,
          pf_eden, uniq_norris
Elf:2:    elven_hall_of_blades_hangedman_original [mumra_blade_entry_dagger],
          layout_rooms, nicolae_elf_double_double_double_trouble
Elf:3:    grunt_elf_hall_asides, layout_geoelf_grid, basic_altar, uniq_nikola
Vaults:1: nicolae_vaults_asterisk, grunt_vaults_bifocal,
          vaults_mumra_chevron_long, st_smaller_cells,
          nicolae_vaults_door_testing_chamber, nicolae_vaults_little_squares_2,
          nicolae_vaults_asterisk, nicolae_vaults_theta,
          nicolae_vaults_trapezoid_lopsided_1, nicolae_vaults_surprise_closet,
          layout_vaults_chaotic_city, serial_shops, shop, shop_statue, shop
Vaults:2: vaults_room_corners, nicolae_vaults_little_squares_2,
          lightli_orcish_oven, nicolae_vaults_double_plus_1,
          nicolae_vaults_swerve, dpeg_vaults_monster_box, vaults_room_grid,
          nicolae_vaults_storage_closets_2, layout_vaults_omnigrid,
          serial_shops, nicolae_book_shop_shelving, uniq_zenata
Vaults:3: portal_desolation_entry_nicolae_nacl, grunt_vaults_focal,
          hangedman_vaults_variations, minmay_crypt_entry_skeletal_spiral,
          nicolae_vaults_more_shelving_2, nicolae_vaults_wrenched,
          nicolae_vaults_angled_halls, vaults_mumra_minichess_inversion,
          v_pattern_5, nicolae_vaults_doubleplus_tesselated,
          nicolae_vaults_diamond_2, nicolae_vaults_gold_heap,
          ontoclasm_vaults_fault, v_misc_13, layout_vaults_maze, serial_shops,
          nicolae_shop_just_a_little_nook
Vaults:4: nicolae_vaults_shock_wave, nicolae_vaults_tetromino_L_1,
          nicolae_vaults_hexular_roomagon, v_rooms_3,
          nicolae_vaults_three_branches, nicolae_vaults_closet_pinwheel_1,
          nicolae_vaults_heart-shaped_vault, ontoclasm_vaults_loading_screen,
          v_misc_8, vaults_dpeg_hooks, nicolae_vaults_little_squares_1,
          nicolae_vaults_double_plus_3, nicolae_vaults_puzzle_piece,
          layout_vaults_omnibox, serial_shops, shop
Vaults:5
Crypt:1:  layout_rooms, roderic_lattice_octagonal_star
Crypt:2:  layout_chaotic_city
Crypt:3:  evilmike_haunted_forest, uniq_jory
Tomb:1
Tomb:2
Tomb:3
Depths:1: nicolae_cairo_tiling_large, layout_cave_pools, enter_ziggurat_e,
          hell_entry, serial_co_window_serial, co_window_paths_a,
          co_window_corner_a, co_window_paths_a, co_window_paths_a,
          co_window_paths_a, co_window_corner_a, co_window_of_opportunity_b,
          co_window_corner_b, co_window_corner_ca, co_window_cross_4,
          co_window_of_opportunity_c, co_window_corner_b, co_window_paths_e,
          glass_columns_b, glass_columns_a, glass_columns_c, glass_columns_a,
          glass_columns_a, abyss_entry, serial_shops, bzr_entry_customers
Depths:2: minmay_eight_partial_circles, layout_cave_shapes, hellmouth_1,
          grunt_pan_entry_zigzag, nicolae_ru_sacrificial_ziggurat, uniq_boris,
          uniq_saint_roka
Depths:3: mu_elephants_graveyard, layout_basic, hell_entry, abyss_entry,
          regret_index_xom_buried_treasure, kennysheep_generic_room_15,
          minmay_staircase_bubble
Depths:4: grunt_crosshair, layout_cave_pools, hell_entry, pan_entry,
          serial_shops, shop, abyss_entry_small_statue_room
Hell
Dis:1:    layout_regular_city, nicolae_dis_scattering
Dis:2:    layout_gridville
Dis:3:    layout_subdivisions
Dis:4:    layout_jigsaw
Dis:5:    layout_jigsaw
Dis:6:    layout_overlapping_boxes
Dis:7:    dis_st
Geh:1:    layout_gehenna_pools_box
Geh:2:    layout_gehenna_pools_triple
Geh:3:    layout_gehenna_lava_caves
Geh:4:    hangedman_generic_boss_arena
Geh:5:    layout_gehenna_pools_box, hangedman_elemental_grid_stream
Geh:6:    layout_gehenna_pools_box
Geh:7:    evilmike_geh
Coc:1:    layout_cocytus_water_paths
Coc:2:    layout_ice_bergs
Coc:3:    layout_ice_bergs
Coc:4:    layout_cocytus_water_paths
Coc:5:    layout_cocytus_water_paths
Coc:6:    layout_ice_bergs
Coc:7:    coc_old
Tar:1:    layout_grid_maze
Tar:2:    layout_honeycomb, tekkud_tar_snaking_path
Tar:3:    layout_grid_maze
Tar:4:    nicolae_tar_tart_auras, layout_cathedral_of_symmetry
Tar:5:    layout_grid_maze
Tar:6:    layout_cathedral_of_symmetry, nicolae_tar_honey_chapel
Tar:7:    tar_mu [tar_mu_maze]
Zot:1:    layout_cathedral_of_symmetry, regret_index_zotdec_tunneler,
          bh_zot_levy_curve
Zot:2:    kennysheep_blocky_room, layout_cathedral_of_symmetry,
          skrybe_zot_glass_1, uniq_josephina, uniq_grunn
Zot:3:    dreamdust_zin_vs_xom, layout_basic, gammafunk_ghost_tricky_traps
Zot:4:    regret_index_all_hallows'_manor, layout_basic
Zot:5:    layout_onion

Skill      XL: |  1  2  3  4  5  6  7  8  9 10 11 12 13 14 15 16 17 18 19 20 21 22 23 24 25 26 |
---------------+-------------------------------------------------------------------------------+-----
Fighting       | 2 3 7 8 9 12 15 16 26 | 26.9
Unarmed Combat | 4 5 6 7 8 11 12 13 16 17 18 19 20 21 26 | 26.1
Shapeshifting  | 4 5 6 8 9 10 11 13 14 15 17 19 21 22 23 | 23.0
Dodging        | 4 5 7 8 9 11 13 15 | 15.3
Stealth        | 1 5 10 | 10.0
Evocations     | 3 4 10 | 10.0
Ice Magic      | 5 7 9 10 11 14 27 | 27.0
Spellcasting   | 3 4 5 8 10 13 15 | 15.0
Shields        | 3 7 9 11 13 15 | 15.0
Translocations | 1 5 10 | 10.0
Air Magic      | 3 |  3.0
Earth Magic    | 1 3 5 |  5.0

Action                     |  1- 3 |  4- 6 |  7- 9 | 10-12 | 13-15 | 16-18 | 19-21 | 22-24 | 25-27 || total
---------------------------+-------+-------+-------+-------+-------+-------+-------+-------+-------++-------
  Melee: Unarmed           |    38 |    90 |   239 |   344 |  1270 |   724 |   453 |   911 |  2339 ||  6408
         Constrict         |     9 |    31 |    78 |    52 |   185 |   116 |    73 |   148 |   261 ||   953
         Tentacles         |     6 |    30 |    77 |    95 |   392 |   208 |   118 |   268 |   792 ||  1986
         Punch             |       |     2 |       |     2 |    77 |   122 |    86 |   182 |   513 ||   984
         Maw               |       |       |       |       |   179 |   299 |       |       |       ||   478
         Staff             |       |       |       |       |       |       |       |       |     3 ||     3
  Throw: Dart              |     3 |    16 |       |       |       |       |       |       |       ||    19
         Throwing net      |       |       |       |       |       |       |       |       |     1 ||     1
   Cast: Apportation       |       |       |       |       |    50 |    59 |    76 |   114 |    77 ||   376
         Frozen Ramparts   |       |       |       |       |    13 |    33 |     5 |     1 |    12 ||    64
         Ozocubu's Armour  |       |       |       |       |    13 |    31 |     6 |    12 |    44 ||   106
         Lesser Beckoning  |       |       |       |       |     5 |    70 |    15 |    17 |    74 ||   181
         Passage of Golubr |       |       |       |       |       |       |    39 |   135 |   211 ||   385
         Vhi's Electric Ch |       |       |       |       |       |       |       |    93 |   164 ||   257
         Blink             |       |       |       |       |       |       |       |     2 |     6 ||     8
         Permafrost Erupti |       |       |       |       |       |       |       |       |    62 ||    62
         Passwall          |       |       |       |       |       |       |       |       |    14 ||    14
         Polar Vortex      |       |       |       |       |       |       |       |       |   102 ||   102
         Manifold Assault  |       |       |       |       |       |       |       |       |     4 ||     4
 Invoke: Reject Sacrifices |       |       |       |     1 |     1 |       |       |       |       ||     2
         Sacrifice Drink   |       |       |       |     1 |       |       |       |       |       ||     1
         Sacrifice Love    |       |       |       |     1 |       |       |       |       |       ||     1
         Sacrifice Experie |       |       |       |     1 |       |       |       |       |       ||     1
         Power Leap        |       |       |       |       |    31 |     6 |    20 |    18 |     1 ||    76
         Draw Out Power    |       |       |       |       |    10 |     2 |     1 |       |    13 ||    26
         Apocalypse        |       |       |       |       |     9 |     5 |     3 |     9 |    12 ||    38
         Sacrifice Essence |       |       |       |       |     2 |       |       |       |       ||     2
         Sacrifice Arcana  |       |       |       |       |     1 |       |       |       |       ||     1
  Evoke: Wand              |       |       |     9 |     5 |     8 |       |     1 |     1 |    11 ||    35
         Lightning rod     |       |       |       |       |    13 |     1 |     4 |     1 |     4 ||    23
         Condenser vane    |       |       |       |       |       |       |     1 |     1 |     4 ||     6
         Phial of floods   |       |       |       |       |       |       |       |       |     2 ||     2
    Use: Potion            |     2 |       |     5 |     3 |     7 |     1 |     8 |     1 |    27 ||    54
         Scroll            |       |     1 |     6 |    11 |    17 |     4 |     5 |     5 |    43 ||    92
   Stab: Sleeping          |     5 |     6 |       |     1 |    12 |    24 |    12 |     7 |    15 ||    82
         Distracted        |       |     1 |       |       |     6 |     6 |     4 |    14 |    18 ||    49
         Paralysed         |       |       |       |       |    18 |     8 |     4 |    23 |    15 ||    68
         Invisible         |       |       |       |       |    11 |     6 |     2 |     4 |    26 ||    49
         Held in net/web   |       |       |       |       |       |       |       |       |     3 ||     3
         Petrifying        |       |       |       |       |       |       |       |       |     1 ||     1
 Armour: Skin              |    18 |    33 |    62 |   136 |   355 |   147 |   226 |   467 |  1420 ||  2864
  Dodge: Dodged            |    19 |    23 |   147 |   213 |   601 |   268 |   297 |   868 |  1614 ||  4050
  Block: Other             |       |       |       |     7 |    71 |       |       |       |       ||    78
         Kite shield       |       |       |       |       |   214 |   420 |   399 |   927 |  2197 ||  4157
         Reflection        |       |       |       |       |       |       |    19 |       |       ||    19
   Form: Flux              |       |       |     2 |    10 |     4 |       |       |       |       ||    16
                           |       |       |     1 |    10 |     4 |       |       |       |     1 ||    16
         Beast             |       |       |       |       |     1 |       |       |       |       ||     1
         Maw               |       |       |       |       |     1 |       |       |       |       ||     1
         Statue            |       |       |       |       |       |       |     1 |       |     1 ||     2
         Death             |       |       |       |       |       |       |       |     1 |     1 ||     2

Table legend: (Time is in decaauts)
 A = Elapsed time spent in this place.
 B = Non-inter-level travel time spent in this place.
 C = Inter-level travel time spent in this place.
 D = Time resting spent in this place.
 E = Time spent auto-exploring this place.
 F = Levels seen in this place.
 G = Mean time per level.
                   A        B        C        D        E       F      G
               +--------+--------+--------+--------+--------+-----+--------+
         Total |  43083 |  40655 |   2428 |     23 |      0 | 111 |  388.1 |
       Dungeon |  10755 |   9536 |   1219 |     23 |      0 |  15 |  717.0 |
        Temple |     22 |     12 |     10 |      0 |      0 |   1 |   22.0 |
          Lair |   5122 |   4552 |    570 |      0 |      0 |   5 | 1024.4 |
        Shoals |   1361 |   1300 |     61 |      0 |      0 |   4 |  340.2 |
     Snake Pit |   2557 |   2421 |    136 |      0 |      0 |   4 |  639.2 |
    Slime Pits |    508 |    498 |     10 |      0 |      0 |   5 |  101.6 |
  Orcish Mines |   1074 |    850 |    224 |      0 |      0 |   2 |  537.0 |
   Elven Halls |   2211 |   2055 |    156 |      0 |      0 |   3 |  737.0 |
        Vaults |   4984 |   4945 |     39 |      0 |      0 |   5 |  996.8 |
         Crypt |   1170 |   1170 |      0 |      0 |      0 |   3 |  390.0 |
          Tomb |   1192 |   1192 |      0 |      0 |      0 |   3 |  397.3 |
        Depths |   1105 |   1105 |      0 |      0 |      0 |   4 |  276.2 |
          Hell |    320 |    320 |      0 |      0 |      0 |   1 |  320.0 |
           Dis |   1411 |   1411 |      0 |      0 |      0 |   7 |  201.6 |
       Gehenna |   1392 |   1392 |      0 |      0 |      0 |   7 |  198.9 |
       Cocytus |   1053 |   1053 |      0 |      0 |      0 |   7 |  150.4 |
      Tartarus |    914 |    914 |      0 |      0 |      0 |   7 |  130.6 |
           Zot |    855 |    855 |      0 |      0 |      0 |   5 |  171.0 |
         Abyss |    293 |    293 |      0 |      0 |      0 |   4 |   73.2 |
   Pandemonium |   3289 |   3289 |      0 |      0 |      0 |  15 |  219.3 |
        Bazaar |     68 |     68 |      0 |      0 |      0 |   1 |   68.0 |
        Bailey |    342 |    342 |      0 |      0 |      0 |   1 |  342.0 |
      Ice Cave |    353 |    353 |      0 |      0 |      0 |   1 |  353.0 |
    Desolation |    721 |    721 |      0 |      0 |      0 |   1 |  721.0 |
               +--------+--------+--------+--------+--------+-----+--------+

Top non-repeatable levels by time:
  Lair:5: 1703 daAuts
Vaults:4: 1312 daAuts
Vaults:3: 1251 daAuts
  Lair:2: 1151 daAuts
Vaults:2: 1132 daAuts
  Lair:1: 1082 daAuts
 Crypt:3: 1076 daAuts
    D:14: 987 daAuts
   Elf:3: 952 daAuts
    D:13: 918 daAuts
   Elf:1: 911 daAuts
   Geh:7: 910 daAuts
    D:12: 864 daAuts
     D:5: 834 daAuts
     D:7: 816 daAuts
